 Dungeon Crawl Stone Soup version 0.19.4-8-ga85b6b9 (webtiles) character file.

3674 raph the Reanimator (level 9, -1/76 HPs)
             Began as a Deep Dwarf Necromancer on Feb 12, 2017.
             Was a Believer of Makhleb.
             Slain by a hornet (11 damage)
             ... on level 9 of the Dungeon on Feb 13, 2017.
             The game lasted 00:26:44 (9102 turns).

raph the Reanimator (Deep Dwarf Necromancer)        Turns: 9102, Time: 00:26:46

Health: -1/76      AC: 15    Str: 16    XL:     9   Next: 89%
Magic:  0/15       EV: 15    Int: 22    God:    Makhleb [**....]
Gold:   344        SH:  6    Dex: 14    Spells: 5 memorised, 3 levels left

rFire  . . .     SeeInvis .     I - +7 morningstar "Vunesiw" {flame, +Inv MR+}
rCold  . . .     Gourm    .     y - +2 leather armour {MR+}
rNeg   . . .     Faith    .     B - +1 buckler
rPois  .         Spirit   .     H - +2 helmet
rElec  .         Reflect  .     (no cloak)
rCorr  .         Harm     .     q - +2 pair of gloves {Str+3}
MR     +++..                    e - +1 pair of boots
Stlth  ++........               (no amulet)
                                C - +1 ring of protection
                                A - +5 ring of intelligence

@: lethally poisoned (-1 -> -9), non-regenerating, slowed, very slow
A: damage resistance, recharge devices, sense surroundings 2, slow regeneration
3
a: Device Recharging, Minor Destruction, Renounce Religion, Evoke Invisibility


You were on level 9 of the Dungeon.
You worshipped Makhleb.
Makhleb was pleased with you.
You were hungry.

You visited 2 branches of the dungeon, and saw 10 of its levels.
You also visited: Sewer.

You collected 394 gold pieces.
You spent 50 gold pieces at shops.

Inventory:

Hand Weapons
 j - a +0 hand axe
 D - a +2 hand axe of chopping
 I - the +7 morningstar "Vunesiw" (weapon) {flame, +Inv MR+}
   (You found it on level 6 of the Dungeon)

   It has been specially enchanted to burn those struck by it, causing extra
   injury to most foes and up to half again as much damage against particularly
   susceptible opponents.
   It affects your resistance to hostile enchantments.
   It lets you turn invisible.
Missiles
 f - 16 tomahawks
 o - a throwing net (quivered)
Armour
 e - a +1 pair of boots (worn)
 q - a +2 pair of gloves of strength (worn)
 y - a +2 leather armour of magic resistance (worn)
 B - a +1 buckler (worn)
 H - a +2 helmet (worn)
Jewellery
 A - a +5 ring of intelligence (left hand)
 C - a +1 ring of protection (right hand)
 Q - an uncursed ring of fire {unknown}
Wands
 c - a wand of heal wounds (3/9)
 r - a wand of random effects (24/48)
 w - a wand of flame (28/48)
 R - a wand of flame (29/48)
Scrolls
 a - 4 scrolls of identify
 i - 3 scrolls of teleportation
 l - 7 scrolls of remove curse
 t - a scroll of fog
 u - 3 scrolls of noise
 F - a scroll of enchant weapon
 J - a scroll of fear
 K - a scroll of immolation {unknown}
 L - 4 scrolls of amnesia {unknown}
 O - a scroll of brand weapon {unknown}
 P - a scroll of summoning {unknown}
 T - a scroll of magic mapping
Potions
 k - 2 potions of cancellation {unknown}
 p - a potion of flight
 s - a potion of degeneration {unknown}
 v - 2 potions of invisibility {unknown}
 x - 6 potions of curing {unknown}
 z - 3 potions of haste
 E - 2 potions of lignification
 M - a potion of resistance {unknown}
 N - 2 potions of ambrosia {unknown}
 S - 2 potions of heal wounds {unknown}
Books
 b - a book of Necromancy

   Spells                             Type                      Level
   a - Pain                           Necromancy                   1
   b - Animate Skeleton               Necromancy                   1
   c - Vampiric Draining              Necromancy                   3
   d - Regeneration                   Charms/Necromancy            3
   e - Animate Dead                   Necromancy                   4
   f - Control Undead                 Necromancy                   4
 n - a book of Maledictions

   Spells                             Type                      Level
   a - Corona                         Hexes                        1
   b - Ensorcelled Hibernation        Hexes/Ice                    2
   c - Confuse                        Hexes                        3
   d - Tukima's Dance                 Hexes                        3
   e - Dazzling Spray                 Conjuration/Hexes            3
Comestibles
 d - 5 bread rations
 g - a slice of pizza
 h - 29 fruits
 m - 5 meat rations
 G - 2 beef jerkies
 U - 6 chunks of flesh


   Skills:
 + Level 3.6 Fighting
 - Level 2.6(4.2) Axes
 * Level 4.7(5.0) Maces & Flails
 - Level 3.7 Armour
 + Level 5.9 Dodging
 - Level 4.2 Stealth
 - Level 3.4 Shields
 + Level 4.4 Spellcasting
 * Level 9.0 Necromancy
 + Level 4.8 Invocations
 + Level 2.0 Evocations


You had 3 spell levels left.
You knew the following spells:

 Your Spells              Type           Power        Failure   Level  Hunger
a - Pain                  Necr           ####         1%          1    None
b - Animate Skeleton      Necr           N/A          1%          1    None
c - Vampiric Draining     Necr           #####.....   1%          3    ##.....
d - Control Undead        Necr           #####.....   3%          4    ####...
e - Animate Dead          Necr           N/A          3%          4    ####...


Dungeon Overview and Level Annotations

Branches:
Dungeon (9/15)             Temple (1/1) D:6
   Lair: D:8-11         Orc: D:9-12

Altars:
Ashenzari
Cheibriados
Dithmenos
Elyvilon
Hepliaklqana
Kikubaaqudgha
Makhleb
Nemelex Xobeh
Okawaru
Qazlal
Uskayaw
Xom
Zin
The Shining One

Shops:
D:4 ?

Annotations:
D:5 vatarom's ghost, amateur DsFi


Innate Abilities, Weirdness & Mutations

You are resistant to damage.
You can recharge devices by infusing magical energy.
You passively map the area around you.
You do not regenerate.


Message History

Casting: Vampiric Draining
Confirm with . or Enter, or press ? or * to list all spells.
Aiming: Pain
Press: ? - help, Shift-Dir - straight line, f/p - hornet
Aim: a hornet (severely wounded, chance to defeat MR: 78%)
The hornet writhes in agony!
You feel very sick. The hornet barely misses you.
You block the hornet's attack.
Casting: Pain
Confirm with . or Enter, or press ? or * to list all spells.
Aiming: Pain
Press: ? - help, Shift-Dir - straight line, f/p - hornet
Aim: a hornet (almost dead, chance to defeat MR: 78%)
The hornet writhes in agony!
You feel very sick. The hornet stings you!
* * * LOW HITPOINT WARNING * * *
You feel as though you will be slow longer.
The hornet stings you!
You die...

#....>...(.....
#.............. *
#.....Z........
#..............
#..............
#..Z...........
#.............$ *
*##############KZ............
,
...........@yKKa..[.........
,.........##########.........
########.# #..####### #.#
#..# #.####### ..# * ***
#########........, .. ,, ,
................. , ,
................., ,,, ,
,.............#### * **


You could see a hornet, a big kobold, a worker ant, a wyvern zombie and 2
kobolds.

Vanquished Creatures
  Erica (D:8)
  Psyche (D:8)
  A hornet (D:6)
  A hippogriff (D:8)
  An orc warrior (D:8)
  An ice beast (D:8)
  A sky beast (D:8)
  4 ogres
  A necrophage (D:8)
  3 centaurs
  2 bullfrogs
  A gnoll sergeant (D:6)
  4 scorpions
  2 howler monkeys
  A crimson imp (D:6)
  6 hounds
  A jelly (D:6)
  3 orc priests
  A centaur skeleton (D:5)
  2 iguanas (D:8)
  4 orc wizards
  2 worker ants
  A hound skeleton (D:7)
  A howler monkey zombie (D:4)
  4 gnolls (D:6)
  11 adders
  A shadow imp (D:5)
  2 oozes
  3 adder skeletons
  2 adder zombies
  A worm (D:4)
  6 leopard geckos
  24 orcs
  2 bats (D:1)
  9 giant cockroaches
  5 goblins
  5 hobgoblins
  16 jackals
  5 quokkas
  2 ball pythons (Sewer)
  11 frilled lizards
  A jackal skeleton (D:6)
  A jackal zombie (D:6)
  7 kobolds
  A leopard gecko skeleton (D:4)
  5 rats
170 creatures vanquished.

Vanquished Creatures (collateral kills)
  A bullfrog (Sewer)
  A big kobold (D:8)
  A wight (D:8)
  An adder (D:2)
  A gnoll (D:6)
  An ooze (D:5)
  3 leopard geckos
  3 orcs
  A goblin (D:3)
  2 ball pythons
15 creatures vanquished.

Grand Total: 185 creatures vanquished

Notes
Turn   | Place    | Note
-------+----------+-------------------------------------------
     0 | D:1      | raph the Deep Dwarf Necromancer began the quest for the Orb.
     0 | D:1      | Reached XP level 1. HP: 15/15 MP: 3/3
    58 | D:1      | Learned a level 1 spell: Animate Skeleton
   440 | D:1      | Reached XP level 2. HP: 22/22 MP: 1/5
  1197 | D:2      | Reached XP level 3. HP: 28/28 MP: 0/6
  1216 | D:2      | Learned a level 3 spell: Vampiric Draining
  1393 | D:2      | Found a sparkling altar of Nemelex Xobeh.
  1449 | D:2      | Reached skill level 1 in Armour
  1567 | D:2      | Found a glowing silver altar of Zin.
  1738 | D:2      | Found a white marble altar of Elyvilon.
  1838 | D:2      | Found a shadowy altar of Dithmenos.
  2504 | D:3      | Reached XP level 4. HP: 36/36 MP: 1/7
  2921 | D:4      | Reached skill level 5 in Necromancy
  2935 | D:4      | Found a glowing drain.
  2955 | Sewer    | Entered a sewer
  3194 | Sewer    | Reached skill level 1 in Shields
  3393 | Sewer    | Noticed a bullfrog
  3395 | Sewer    | Noticed a bullfrog
  3397 | Sewer    | Killed a bullfrog
  3397 | Sewer    | Reached XP level 5. HP: 31/42 MP: 3/8
  3774 | D:4      | Noticed an ogre
  3955 | D:4      | Reached XP level 6. HP: 26/49 MP: 1/10
  4260 | D:4      | Learned a level 4 spell: Control Undead
  4263 | D:4      | Found Warch's Magic Scroll Boutique.
  4268 | D:4      | Bought a scroll of teleportation for 30 gold pieces
  4268 | D:4      | Bought a scroll of identify for 20 gold pieces
  4379 | D:4      | Reached skill level 1 in Evocations
  4480 | D:4      | Reached skill level 1 in Axes
  4756 | D:4      | Reached skill level 1 in Fighting
  4890 | D:4      | Reached XP level 7. HP: 48/57 MP: 2/11
  5094 | D:5      | Entered Level 5 of the Dungeon
  5194 | D:5      | Reached skill level 6 in Necromancy
  5641 | D:5      | Noticed vatarom's ghost (amateur DsFi)
  5829 | D:6      | Found a staircase to the Ecumenical Temple.
  5848 | Temple   | Entered the Ecumenical Temple
  5940 | Temple   | Became a worshipper of Makhleb the Destroyer
  6061 | D:6      | Noticed a hornet
  6069 | D:6      | Paralysed by a hornet for 1 turns
  6074 | D:6      | Killed a hornet
  6074 | D:6      | Reached skill level 1 in Invocations
  6074 | D:6      | Reached XP level 8. HP: 21/64 MP: 1/12
  6080 | D:6      | Learned a level 4 spell: Animate Dead
  6160 | D:6      | Got a dazzling morningstar
  6166 | D:6      | Identified the +7 morningstar "Vunesiw" {flame, +Inv MR+} (You found it on level 6 of the Dungeon)
  6495 | D:6      | Found a hide-covered altar of Uskayaw.
  6508 | D:6      | Reached skill level 1 in Maces & Flails
  7090 | D:7      | Found a shimmering altar of Xom.
  7222 | D:7      | Reached skill level 7 in Necromancy
  7419 | D:7      | Reached * piety under Makhleb
  7844 | D:8      | Noticed Erica
  7865 | D:8      | Noticed Psyche
  7867 | D:8      | Killed Erica
  7867 | D:8      | Reached skill level 5 in Dodging
  7867 | D:8      | Gained mutation: You passively map the area around you. [Deep Dwarf growth]
  7867 | D:8      | Reached XP level 9. HP: 52/74 MP: 4/15
  7880 | D:8      | Killed Psyche
  7880 | D:8      | Reached skill level 8 in Necromancy
  8196 | D:8      | Found a snail-covered altar of Cheibriados.
  8897 | D:8      | Reached skill level 9 in Necromancy
  8901 | D:8      | Reached ** piety under Makhleb
  9098 | D:9      | Paralysed by a hornet for 3 turns
  9102 | D:9      | Slain by a hornet

Skill      XL: |  1  2  3  4  5  6  7  8  9 |
---------------+----------------------------+-----
Spellcasting   | 2 3 4 |  4.4
Armour         | 1 2 3 |  3.7
Stealth        | 3 4 |  4.2
Necromancy     | 5 6 7 9 |  9.0
Dodging        | 3 4 5 |  5.9
Shields        | 1 2 3 |  3.4
Evocations     | 2 |  2.0
Axes           | 1 2 |  2.6
Fighting       | 1 2 3 |  3.6
Invocations    | 1 3 4 |  4.8
Maces & Flails | 3 4 |  4.7

Action                   |  1- 3 |  4- 6 |  7- 9 || total
-------------------------+-------+-------+-------++-------
Melee: Hand axe          |     7 |    41 |    13 ||    61
       Morningstar       |       |       |   112 ||   112
 Cast: Pain              |    71 |    85 |    84 ||   240
       Animate Skeleton  |    21 |    23 |    23 ||    67
       Vampiric Draining |       |    15 |    45 ||    60
       Control Undead    |       |       |     2 ||     2
       Animate Dead      |       |       |    10 ||    10
Evoke: Wand              |       |       |     2 ||     2
  Use: Scroll            |       |    13 |     2 ||    15
       Potion            |       |       |     2 ||     2
 Stab: Distracted        |       |     1 |       ||     1
       Sleeping          |       |       |     5 ||     5
  Eat: Chunk             |     6 |     9 |    13 ||    28
       Meat ration       |       |       |     1 ||     1
Armor: Leather armour    |     7 |    18 |    82 ||   107
Dodge: Dodged            |    24 |    46 |   136 ||   206
Block: Buckler           |       |     9 |    77 ||    86
